Cogmind - Beta 16 @@@ ROGUE MODE // 2025.11.04 @ 04:35:39 Player: shapeshifter Result: Destroyed by L-31 Rogue with Katana Performance ------------- Evolutions (0) 0 Regions Visited (4) 800 Robots Destroyed (32) 160 Value Destroyed (666) 666 Prototype IDs (0) 0 Alien Tech Used (0) 0 Bonus (7) 7 TOTAL SCORE: 1633 Bonus ------- Follower Combat Kills 7 Cogmind --------- Core Integrity 0/250 Matter 288/300 Energy 100/100 System Corruption 0% Temperature Cool (1) Movement Core (400) Ox7 Location -9/Mines Parts ------- > --- POWER (1) -------- (None) > --- PROPULSION (2) --- (None) > --- UTILITY (2) ------ Large Storage Unit Seismic Detector > --- WEAPON (2) ------- Light Assault Rifle > --- INVENTORY (15) --- Light Treads Wheel Compact Wheel High-capacity Matter Pod (200) Improved Terrain Scanner Seismic Detector Light Armor Plating Heavy Assault Rifle Rocket Launcher Peak State ------------ > --- POWER ------------ Light Ion Engine > --- PROPULSION ------- Light Treads Light Treads > --- UTILITY ---------- Large Storage Unit Seismic Detector > --- WEAPON ----------- Assault Rifle Light Assault Rifle > --- INVENTORY -------- Wheel Compact Wheel Improved Terrain Scanner Seismic Detector Light Armor Plating Light Assault Rifle Heavy Assault Rifle [Rating: 8] Favorites ----------- Power Light Ion Engine Engine Light Ion Engine Propulsion Light Treads Treads Light Treads Utility Seismic Detector Device Seismic Detector Storage Large Storage Unit Weapon Assault Rifle Ballistic Gun Assault Rifle Build | -11 -10 -10 -10 -9 ------- Run | Yrd Mat Min Exi Min Slots Evolved . | . . . . . Power . | . . . . . Propulsion . | . . . . . Utility . | . . . . . Weapon . | . . . . . Parts Attached 13 | 7 2 2 . 2 Power 2 | 1 1 . . . Engine 2 | 1 1 . . . Core . | . . . . . Reactor . | . . . . . Propulsion 4 | 2 . 1 . 1 Treads 4 | 2 . 1 . 1 Leg . | . . . . . Wheel . | . . . . . Hover . | . . . . . Flight . | . . . . . Utility 3 | 2 1 . . . Device 1 | 1 . . . . Storage 2 | 1 1 . . . Processor . | . . . . . Hackware . | . . . . . Protection . | . . . . . Artifact . | . . . . . Weapon 4 | 2 . 1 . 1 Energy Gun . | . . . . . Energy Cannon . | . . . . . Ballistic Gun 4 | 2 . 1 . 1 Ballistic Cannon . | . . . . . Launcher . | . . . . . Special Weapon . | . . . . . Impact Weapon . | . . . . . Slashing Weapon . | . . . . . Piercing Weapon . | . . . . . Special Melee Weapon . | . . . . . Unidentified Prototypes . | . . . . . Parts Lost 7 | . 1 1 . 5 Power 2 | . 1 . . 1 Propulsion 2 | . . . . 2 Utility . | . . . . . Weapon 3 | . . 1 . 2 Highest Loss Streak 2 | . 1 1 . 2 To Critical Strikes . | . . . . . Average Backups 7 | 3 5 5 9 10 Power . | . . . . . Propulsion 2 | 1 2 2 4 3 Utility 2 | . 2 2 3 4 Weapon 1 | 1 1 1 2 2 Tool/Special . | . . . . . Unused Backups 10 | . . 1 . 9 Power . | . . . . . Propulsion 4 | . . 1 . 3 Utility 4 | . . . . 4 Weapon 2 | . . . . 2 Tool/Special . | . . . . . Average Slot Usage (%) 97 | . 99 100 100 91 Engine 12 | . 13 14 14 6 Treads 27 | . 28 28 28 27 Device 14 | . 14 14 14 14 Storage 14 | . 14 14 14 14 Ballistic Gun 28 | . 28 28 28 28 Peak Build Rating 8 | 7 7 8 8 8 Average Rating 7 | 5 6 7 8 7 On Entrance 6 | . 7 7 8 8 Avg Prop Armor Cover (%) . | . . . . . Naked Turns . | . . . . . Heaviest Build 30 | 15 30 28 27 27 Greatest Support 40 | 40 40 40 40 40 Greatest Overweight (x) . | . . . . . Average Overweight (x) . | . . . . . Largest Inventory Capacity 15 | 8 15 15 15 15 Average Capacity 14 | 7 14 15 15 15 Most Carried 11 | 6 7 11 10 11 Average Carried 7 | 3 5 5 9 10 Final Capacity 15 | 8 15 15 15 15 Final Carried 10 | 6 5 9 10 9 Class Distribution -------------------- 93% | Mutant 6% | Scavenger-Mutant Dominant Class ---------------- Mutant | -10/Materials Mutant | -10/Mines Mutant | -10/Exiles Mutant | -9/Mines Resources | -11 -10 -10 -10 -9 ----------- Run | Yrd Mat Min Exi Min Matter Collected 755 | 324 273 65 20 73 Remotely . | . . . . . Salvage Created 1050 | 150 457 165 . 278 Parts 67 | 12 31 15 . 9 Haulers Intercepted 1 | . 1 . . . Recyclers Shooed . | . . . . . Parts Field Recycled . | . . . . . Retrieved Matter . | . . . . . Parts Self-Destructed . | . . . . . Prevented . | . . . . . Parts Restored . | . . . . . Kills | -11 -10 -10 -10 -9 ------- Run | Yrd Mat Min Exi Min Combat Hostiles Destroyed 23 | . 11 6 . 6 Guns 23 | . 11 6 . 6 Classes Destroyed 8 | 2 5 1 . . Worker 2 | . 2 . . . Tunneler 3 | 3 . . . . Hauler 1 | . 1 . . . Recycler 1 | 1 . . . . Watcher 2 | . 2 . . . Swarmer 10 | . 6 4 . . Grunt 11 | . 5 . . 6 Sentry 2 | . . 2 . . Best Kill Streak 9 | 2 9 2 . 3 Combat Bots Only 5 | . 5 2 . 3 Max Kills in Single Turn 2 | 1 2 1 . 1 Gunslinging . | . . . . . Exploded . | . . . . . Melee . | . . . . . Uniques/NPCs Destroyed . | . . . . . Combat | -11 -10 -10 -10 -9 -------- Run | Yrd Mat Min Exi Min Hostile Shots Fired 130 | . 52 15 . 63 Missed 33 | . 11 8 . 14 Hits 97 | . 41 7 . 49 Melee 5 | . . . . 5 Projectile 92 | . 41 7 . 44 Critical Strikes 2 | . . . . 2 Damage Taken 1152 | . 414 60 . 678 Core 262 | . 62 . . 200 Absorbed by Shields . | . . . . . Core Remaining (%) 100 | 100 . . . . Volleys Fired 95 | 9 43 11 . 32 Largest 2 | 2 2 2 . 2 Hottest 40 | 40 40 40 . 40 Shots Fired 188 | 18 86 20 . 64 Gun 188 | 18 86 20 . 64 Cannon . | . . . . . Launcher . | . . . . . Special . | . . . . . Kinetic 188 | 18 86 20 . 64 Thermal . | . . . . . Explosive . | . . . . . Electromagnetic . | . . . . . Robot Hit Streak 13 | 8 7 6 . 13 Robot Miss Streak 4 | 1 4 3 . 2 Penetration Max . | . . . . . Secondary Targets 5 | . 1 . . 4 Max Gunslinging Chain 1 | . 1 . . 1 Shots Hit Robots 125 | 13 52 12 . 48 Core Hits 54 | 5 25 8 . 16 Critical Kills 1 | . 1 . . . Critical Parts Destroyed . | . . . . . Critical Strikes 1 | . 1 . . . Destroy 1 | . 1 . . . Melee Attacks . | . . . . . Impact . | . . . . . Slashing . | . . . . . Piercing . | . . . . . Sneak Attacks . | . . . . . Combat Hostiles . | . . . . . Follow-up Attacks . | . . . . . Damage Inflicted 1457 | 163 703 157 . 434 Guns 1457 | 163 703 157 . 434 Cannons . | . . . . . Explosions . | . . . . . Melee . | . . . . . Ramming . | . . . . . Kinetic 1457 | 163 703 157 . 434 Thermal . | . . . . . Explosive . | . . . . . Electromagnetic . | . . . . . Impact . | . . . . . Slashing . | . . . . . Piercing . | . . . . . Highest Corruption . | . . . . . Average Corruption . | . . . . . Corruption Purged . | . . . . . Corruption Blocked . | . . . . . Overload Shots . | . . . . . Overflow Damage . | . . . . . Projectiles . | . . . . . Explosions . | . . . . . Melee . | . . . . . Knockbacks . | . . . . . Impact . | . . . . . Kinetic . | . . . . . Secondary . | . . . . . Self-Inflicted Damage . | . . . . . Shots . | . . . . . Rammed . | . . . . . Targets Rammed . | . . . . . Kicked . | . . . . . Crushed . | . . . . . Highest Temperature 25 | . 2 . . 25 Average Temperature 5 | . 2 . . 5 Received Heat Transfer 441 | . 141 9 . 291 Siege Activations . | . . . . . Martial Activations . | . . . . . Shielding Activations . | . . . . . Robots Disrupted . | . . . . . Combat Hostiles . | . . . . . Robots Corrupted . | . . . . . Combat Hostiles . | . . . . . Parts Fried . | . . . . . Impact Corruptions . | . . . . . Robots Melted . | . . . . . Combat Hostiles . | . . . . . Parts Melted 1 | . . 1 . . Heat Transferred . | . . . . . Parts Sabotaged . | . . . . . Parts Stolen . | . . . . . Parts Stripped . | . . . . . Power Chain Reactions . | . . . . . Alert | -11 -10 -10 -10 -9 ------- Run | Yrd Mat Min Exi Min Maximum Alert Level . | . . . . . Low Security (%) 100 | 100 100 100 . 100 Level 1 . | . . . . . Level 2 . | . . . . . Level 3 . | . . . . . Level 4 . | . . . . . Level 5 . | . . . . . High Security . | . . . . . Max Security . | . . . . . Peak Influence 149 | 10 149 135 . 85 Initial 51 | . . 51 . . Average 42 | 1 57 62 . 24 Influence Increases 732 | 20 323 204 . 185 Destroy 0b10 Robot/C 480 | . 220 140 . 120 Destroy 0b10 Robot/NC 45 | 20 25 . . . Destroy Leader 86 | . 46 20 . 20 Allied During Kill 14 | . . 14 . . Destroy Structure 2 | . 2 . . . Lose Combat Pursuer 105 | . 30 30 . 45 Influence Decreases 701 | 20 190 337 . 154 Entered New Map 82 | . . 82 . . Time Decay 524 | 20 180 210 . 114 Lost Part 60 | . 10 10 . 40 Lost Ally 35 | . . 35 . . Squads Dispatched 2 | . 2 . . . Investigation . | . . . . . Extermination . | . . . . . Reinforcement 2 | . 2 . . . Assault . | . . . . . Garrison . | . . . . . Intercept . | . . . . . Searches Triggered . | . . . . . Construction Impeded . | . . . . . Haulers Reinforced . | . . . . . Active Scanning Responses . | . . . . . Cargo Convoy Interrupts . | . . . . . Stealth | -11 -10 -10 -10 -9 --------- Run | Yrd Mat Min Exi Min Distress Signals 1 | . 1 . . . Communications Jammed . | . . . . . Distress Signals . | . . . . . Times Spotted 34 | . 18 7 . 9 Peak Tracking Total 6 | . 6 3 . 3 Tactical Retreats 4 | . 1 2 . 1 Traps | -11 -10 -10 -10 -9 ------- Run | Yrd Mat Min Exi Min Traps Triggered . | . . . . . Indirectly . | . . . . . Trap Hack Attempts . | . . . . . Triggered . | . . . . . Disarmed . | . . . . . Reprogrammed . | . . . . . Reused . | . . . . . Traps Extracted . | . . . . . Installed . | . . . . . Triggered . | . . . . . Machines | -11 -10 -10 -10 -9 ---------- Run | Yrd Mat Min Exi Min Machines Disabled . | . . . . . Max in Single Turn . | . . . . . Machines Repaired . | . . . . . Machines Dismantled . | . . . . . Machines Sabotaged . | . . . . . Overloaded Fab Kills . | . . . . . Hacking | -11 -10 -10 -10 -9 --------- Run | Yrd Mat Min Exi Min Machines Accessed 3 | . 2 . 1 . Terminals 2 | . 2 . . . Fabricators . | . . . . . Repair Stations . | . . . . . Recycling Units . | . . . . . Scanalyzers . | . . . . . Garrison Access . | . . . . . Total Hacks 3 | . 2 . 1 . Successful 1 | . . . 1 . Failed 2 | . 2 . . . Catastrophic 1 | . 1 . . . Database Lockouts . | . . . . . Manual 2 | . 2 . . . Terminals 2 | . 2 . . . Fabricators . | . . . . . Repair Stations . | . . . . . Recycling Units . | . . . . . Scanalyzers . | . . . . . Garrison Access . | . . . . . Terminal Hacks 1 | . . . 1 . Record 1 | . . . 1 . Fabricator Hacks . | . . . . . Repair Station Hacks . | . . . . . Recycling Unit Hacks . | . . . . . Scanalyzer . | . . . . . Garrison Access Hacks . | . . . . . Unauthorized Hacks . | . . . . . Terminals . | . . . . . Fabricators . | . . . . . Repair Stations . | . . . . . Recycling Units . | . . . . . Scanalyzers . | . . . . . Garrison Access . | . . . . . Data Cores Recovered . | . . . . . Used . | . . . . . Hacking Detections 2 | . 2 . . . Full Trace Events . | . . . . . Feedback Events . | . . . . . Feedback Blocked . | . . . . . Robot Schematics Acquired . | . . . . . Robots Built . | . . . . . Authchips . | . . . . . Time . | . . . . . Total Robot Build Rating . | . . . . . Part Schematics Acquired . | . . . . . Parts Built . | . . . . . Authchips . | . . . . . Time . | . . . . . Total Part Build Rating . | . . . . . Part Studies Acquired . | . . . . . Parts Repaired . | . . . . . Time . | . . . . . Parts Recycled . | . . . . . Recycled Matter . | . . . . . Retrieved Matter . | . . . . . Retrieved Components . | . . . . . Parts Scanalyzed . | . . . . . Part Schematics Acquired . | . . . . . Parts Damaged . | . . . . . Bothacking | -11 -10 -10 -10 -9 ------------ Run | Yrd Mat Min Exi Min Used RIF Installer . | . . . . . Robots Hacked . | . . . . . Non-combat . | . . . . . Combat . | . . . . . Robot Hacks Applied . | . . . . . Relay Couplers Released . | . . . . . Fabnet Peak Effective % . | . . . . . Robots Rewired . | . . . . . Allies Hacked . | . . . . . Hacks Repelled . | . . . . . Allies | -11 -10 -10 -10 -9 -------- Run | Yrd Mat Min Exi Min Total Allies 2 | . . 2 . . Largest Group 2 | . . 2 . . Highest-Rated Group 38 | . . 38 . . Highest-Rated Ally 31 | . . 31 . . Total Orders . | . . . . . Ally Attacks 5 | . . 5 . . Total Damage 105 | . . 105 . . Kills 1 | . . 1 . . Allies Corrupted . | . . . . . Allies Melted . | . . . . . Intel | -11 -10 -10 -10 -9 ------- Run | Yrd Mat Min Exi Min Active Infowar (turns) 1904 | 81 472 448 448 455 Seismic 1904 | 81 472 448 448 455 Robot Analysis Total . | . . . . . Derelict Logs Recovered 1 | . . 1 . . Drone Launches . | . . . . . Drone Recoveries . | . . . . . Exploration | -11 -10 -10 -10 -9 ------------- Run | Yrd Mat Min Exi Min Turns Passed 1995 | 172 472 448 448 455 Spaces Moved 1051 | 88 203 255 280 225 Core 13 | 13 . . . . Treads 1038 | 75 203 255 280 225 Legs . | . . . . . Wheels . | . . . . . Hover . | . . . . . Flight . | . . . . . Fastest Speed 50 | 50 160 160 160 160 Average Speed 158 | 143 160 160 160 160 Slowest Speed 160 | 160 160 160 160 160 Overloaded Moves . | . . . . . Propulsion Burnouts . | . . . . . Robots Hopped . | . . . . . Potential Cave-ins . | . . . . . Cave-ins Triggered . | . . . . . Exploration Rate (%) 48 | 6 51 65 64 57 Regions Visited 4 Branch Regions 3 Pre-discovered Areas 2 | . . 1 1 . Known Exits Taken . | . . . . . Unknown Exits Taken 4 | 1 1 1 1 . Scrap Searched 2 | . . 1 . 1 Spaces Dug . | . . . . . Terrain Destroyed . | . . . . . Melee . | . . . . . Projectile . | . . . . . AOE . | . . . . . Terrain Rammed . | . . . . . Walls Destroyed . | . . . . . Machines Disabled . | . . . . . Actions | -11 -10 -10 -10 -9 --------- Run | Yrd Mat Min Exi Min Total 1202 | 116 264 276 280 266 Wait 21 | . 15 . . 6 Move 1047 | 87 202 254 279 225 Hop . | . . . . . Pick Up 23 | 13 1 7 1 1 Fast Attach . | . . . . . Attach 11 | 7 1 1 . 2 Detach . | . . . . . Swap 2 | . 1 1 . . Drop 3 | . 1 2 . . Fire 95 | 9 43 11 . 32 Melee . | . . . . . Ram . | . . . . . Kick . | . . . . . Crush . | . . . . . Escape Stasis . | . . . . . Rewire . | . . . . . Trap . | . . . . . Miscellaneous . | . . . . . Route ------- -11/Scrapyard -10/Materials -10/Mines (discovered 3 exits: [*Mat] / *Exi / [*Sub]) -10/Exiles -9/Mines History --------- Turn | Location | Event 9 | -11/Scrapyard | Discovered new exit (range 15) 173 | -11/Scrapyard | Entered Materials 300 | -10/Materials | Build established: Mutant 619 | -10/Materials | Discovered new exit (range 16) 645 | -10/Materials | Entered Mines 671 | -10/Mines | Discovered new exit (range 12) 746 | -10/Mines | Discovered new exit (range 7) 944 | -10/Mines | Learned location of Mines (-9) 1087 | -10/Mines | Deemed a non-threat by the Exiles lab entrance 1087 | -10/Mines | Discovered new exit (range 5) 1093 | -10/Mines | Entered Exiles 1133 | -10/Exiles | Met 8R-AWN 1159 | -10/Exiles | Met EX-HEX 1256 | -10/Exiles | Met EX-DEC 1282 | -10/Exiles | Learned location of Zion (-6) 1386 | -10/Exiles | Met EX-BIN 1526 | -10/Exiles | Discovered new exit (range 10) 1541 | -10/Exiles | Entered Mines 1618 | -9/Mines | Assembled infested the area 1707 | -9/Mines | Found a hidden stash of uninstalled traps 1854 | -9/Mines | Core integrity fell below 50% 1989 | -9/Mines | Core integrity fell below 20% 1996 | -9/Mines | Destroyed by L-31 Rogue with Katana Last Messages --------------- 01758_ G-47 Trooper destroyed. 01758_ Switching to secondary target: G-34 Mercenary. 01769_ G-34 Mercenary destroyed. 01772_ Acquired 35 matter. 01773_ K-01 Serf collects debris. 01844_ Lgt. Treads destroyed. 01845_ Assault Rifle destroyed. 01847_ K-01 Serf collects debris. 01850_ G-47 Trooper destroyed. 01850_ Switching to secondary target: G-34 Mercenary. 01863_ G-34 Mercenary destroyed. 01863_ Switching to secondary target: G-34 Mercenary. 01866_ G-34 Mercenary destroyed. 01868_ Acquired 38 matter. 01944_ T-07 Excavator is excavating. 01973_ Lgt. Treads destroyed. 01975_ G-34 Mercenary destroyed. 01975_ Switching to secondary target: L-31 Rogue. 01993_ Lgt. Treads severed. 01995_ Lgt. Assault Rifle destroyed. Map ----- +----------------------------------------------------+ | | | | | | | | | | | | | | | | | | | | | | | | | | | ?????????????????????????????????????????????????? | | ????????????????????????###??????????????????????? | | ????????????????????# #??????????????????? | | ????????????????????# """ """ #??????????????????? | | ????????????????????# """ """ #??????????????????? | | ????????????????????# """ """ #??????????????????? | | ????????????????????? """ """ ???????????????????? | | ??????????????????????? *= ?????????????????????? | | ????????????????????????#%#??????????????????????? | | ????????????????????????#!####???????????????????? | | ????????????????????????# #???????????????????? | | ?????#????#?????????????#l## #???????????????????? | | #???? ??? #?????????????#@## #???????????????????? | | ###?? """ #????????????## g ##??????????????????? | | ??? """ #????????##### ##?????????????????? | | ??? """ #????????# #?????????????????? | | #??? #????????# #?????????????????? | | #???# #????????# ## ##?????????????????? | | ##??# #????????###?## ###????????###???????? | | #??# #?????????????# ###?????????? #???????? | | #### ##????????????# #????????????# #???????? | | #????????????# #????####????# #???????? | | #????????????# #???## ##???# #####???? | | #### ##????????????# #???# #???# ## ##### | | ##??## ##?????????????# #???# ##### # ## # | | ?????# #??????????????# #????# | | ????## ##??####???????# #????# ######## # | | ???## =#### ##??##### #???## ##??????# ###### | | ???# %= ## #### #???# #???##### #????? | | ??## =% #####???# ##??# #????? | | ?## ## ##### #???????# #??# #####????? | | ?# #### ##??# #???????## #??# #????????? | | ?# ##??## #### ##???????# #??# #????????? | | ?# #????# #??????## #### #????????? | | ?# #????# #### #####??# #???##???? | | ?# #????## #??# %!!#??# #??? ##??? | | ?## ##?????## ##??# ### #??# ### #??? ##?? | +----------------------------------------------------+ Best States ------------- Heat Dissipation 25 Energy Generation 10 Energy Capacity 250 Matter Stores 300 Matter Capacity 300 Sight Range 16 Terrain Scan Density 10 Evasion (%) 50 Recoil Reduction 2 Item Schematics ----------------- None Robot Schematics ------------------ None Fabricated ------------ Nothing Repaired ---------- Nothing Studied --------- None Alien Tech Used ----------------- None Achievements -------------- None Challenges ------------ None Game ------ Seed PointyCompositeReconstructor Manual? 0 Play Time 00:08:25 Cumulative 467.4 hours Start 2025.11.04 @ 04:12:07 End 2025.11.04 @ 04:35:39 Sessions 2 Manual Loads 0 Difficulty Rogue Special Mode None Game No. 586 Rogue 586 Adventurer 0 Explorer 0 Win Type - Total 14 Types 6/0/2/2/1/0/2/1/0/0 Lore% 90 Gallery% 85 Achievement% 63 Wizard Run 0 Options --------- Layout 0 ASCII 0 Keyboard 0 Movement Mouse Keybinds 0 Fullscreen 1 Font 24/Terminus Map View 76x50 Zoom Use 0% Tactical HUD 1 Map Filters NONE Filters NONE Steam 1 RUN: 7e7f70a2-ef23-4ecd-8c13-0b6e1562e134